 Dungeon Crawl Stone Soup version 0.17-a0-1849-g8a24fa2 (webtiles) character file.

0 Ololoev the Ducker (level 1, -7/11 HPs)
             Began as a Spriggan Abyssal Knight on Sept 18, 2015.
             Was a Follower of Lugonu.
             Mangled by a thrashing horror (14 damage)
             ... on level 3 of the Abyss.
             The game lasted 00:01:29 (283 turns).

Ololoev the Ducker (Spriggan Abyssal Knight)         Turns: 283, Time: 00:01:29

Health: -7/11      AC:  2    Str:  8    XL:     1   Next: 0%
Magic:  3/3        EV: 18    Int: 13    God:    Lugonu [*.....]
Gold:   20         SH:  0    Dex: 15    Spells: 0 memorised, 0 levels left

rFire  . . .     SeeInvis +     a - +1 spear
rCold  . . .     Clarity  .     b - +0 robe
rNeg   . . .     SustAt   .     (shield restricted)
rPois  .         Gourm    .     (helmet restricted)
rElec  .         Spirit   .     (no cloak)
rCorr  .         Warding  .     (gloves unavailable)
rMut   .         Stasis   .     (boots unavailable)
MR     .....                    (no amulet)
Stlth  +.........               (no ring)
                                (no ring)

@: very quick, not resistant to hostile enchantments, very unstealthy
A: unfitting armour, see invisible, herbivore 3, speed 3, slow metabolism 2
a: Depart the Abyss, Renounce Religion


Innate Abilities, Weirdness & Mutations

You are tiny and cannot use many weapons and most armour.
You have supernaturally acute eyesight.
You are a herbivore.
You cover ground extremely quickly.
You need consume almost no food.

Inventory:

Hand weapons
 a - a +1 spear (weapon)
Armour
 b - a +0 robe (worn)
Magical devices
 f - a wand of polymorph (10)
Scrolls
 d - 2 scrolls of identify {unknown}
Potions
 e - a potion of curing {unknown}
Comestibles
 c - a bread ration


   Skills:
 + Level 2.4 Fighting
 + Level 1.3 Polearms
 + Level 3.5 Dodging
 + Level 1.7 Invocations


You couldn't memorise any spells.
You didn't know any spells.


You were on level 3 of the Abyss.
You worshipped Lugonu.
Lugonu was aware of your devotion.
You were not hungry.

You visited 0 branches of the dungeon, and saw 0 of its levels.
You visited the Abyss 1 time.

You collected 20 gold pieces.

...###... . .. ..
...
....#..##.##.##....
.. .......#.
#.#...#. .. .
........#..# # #...
. ...##..### #.. #
.. . #..#..## # ..
#.. ##.#.#. .# ##
#.
.ยงยง..#...#.#### #
. ...X..X@#$..#
###...
...........#.#.#
#.# .
.........##..##.
....... .....#..##
#.### . # #.
#...###.. ..# #.#
#. .... ..# ...
###. ... ... #. ##
.. ...

Notes
Turn   | Place    | Note
--------------------------------------------------------------
     0 | Abyss:1  | Ololoev the Spriggan Abyssal Knight began the quest for the Orb.
     0 | Abyss:1  | Reached XP level 1. HP: 11/11 MP: 3/3
    50 | Abyss:1  | Found a corrupted altar of Lugonu.
    68 | Abyss:1  | Noticed a giant orange brain
    74 | Abyss:1  | Noticed a tentacled starspawn
    83 | Abyss:1  | Noticed a ghost moth
    99 | Abyss:1  | Noticed a large abomination
   102 | Abyss:1  | Noticed an air elemental
   138 | Abyss:1  | Noticed an iron imp
   149 | Abyss:2  | Found a corrupted altar of Lugonu.
   190 | Abyss:2  | Noticed a chaos spawn
   206 | Abyss:2  | Noticed a quasit
   212 | Abyss:2  | Noticed a demonic crawler
   276 | Abyss:3  | Noticed a cacodemon
   281 | Abyss:3  | Noticed a thrashing horror
   283 | Abyss:3  | Noticed a thrashing horror
   283 | Abyss:3  | Mangled by a thrashing horror

Dungeon Overview and Level Annotations

Branches:
Dungeon (0/15)

Altars:


Message History

Press: ? - help, Dir - move target cursor, f/p - chaos spawn
Aim: a chaos spawn You reach to attack!
You hit the chaos spawn but do no damage.
Attack whom?
Press: ? - help, Dir - move target cursor, f/p - chaos spawn
Aim: a chaos spawn You reach to attack!
You hit the chaos spawn.
The chaos spawn is lightly wounded.
A quasit comes into view.
The quasit gives a chilling moan.
A demonic crawler comes into view.
The demonic crawler gives a hideous shriek!
There is a gateway leading deeper into the Abyss here.
You plunge deeper into the Abyss.
d - 2 scrolls labeled YNUEHIASEE (gained 1)
Found 8 arrows.
f - a wand of polymorph You start resting.
A cacodemon comes into view.
Found 26 gold pieces.
A thrashing horror comes into view.
Evoke which item? (* to show all) (? for menu, Esc to quit)
Zapping:
f - a wand of polymorph (will waste charges)
Press: ? - help, Shift-Dir - straight line, f - thrashing horror
Aim: a thrashing horror (translocational energy, chance to defeat MR: 15%)
The thrashing horror roars!
The thrashing horror is unaffected.
Evoking this partially-identified wand wasted a few charges.
A thrashing horror comes into view.
Evoke which item? (* to show all) (? for menu, Esc to quit)
Zapping:
f - a wand of polymorph {zapped: 3} (will waste charges)
Press: ? - help, Shift-Dir - straight line, f/p - thrashing horror
Aim: a thrashing horror (chance to defeat MR: 15%)
The thrashing horror is unaffected.
Evoking this partially-identified wand wasted a few charges.
The thrashing horror roars!
The thrashing horror tramples you!
Ouch! That really hurt!
You die...

You could see 2 thrashing horrors.

Vanquished Creatures (others)
  2 starspawn tentacles (Abyss:1)
2 creatures vanquished.

Action                   || total
-------------------------++-------
Melee: Spear             ||     3
Evoke: Wand              ||     2

Vault maps used:
Abyss:1:  evilmike_abyss_exit_12
Abyss:3:  nicolae_abyss_rune_more_like_crabyss
